[Event "Titled Tuesday Blitz July 18 Early 2023"]
[White "Sadykov, Ramil"]
[Black "Zacurdajev, Dmitry"]
[WhiteFideId "24113590"]
[BlackFideId "4196309"]
[WhiteElo "2582"]
[BlackElo "2444"]
[Result "1-0"]
[Round "8"]
[TimeControl "180+2"]
[Date "2023.07.18"]
[WhiteClock "0:00:09"]
[BlackClock "0:00:00"]
[Board "92"]

1. c4 Nf6 2. Nc3 e6 3. Nf3 d5 4. e3 Be7 5. b3 O-O 6. Bb2 c5 7. cxd5 Nxd5 8. Qc2 Nc6 9. a3 Bf6 10. h4 Nxc3 11. Bxc3 Bxc3 12. dxc3 h6 13. Bd3 e5 14. O-O-O Qe7 15. Kb2 a5 16. a4 Bg4 17. Be4 c4 18. bxc4 Rac8 19. Qb3 Rc7 20. Rd2 Rfc8 21. Bd5 Be6 22. Rhd1 Bd7 23. Qa3 Qf6 24. Rc2 Ne7 25. Nd2 Nxd5 26. cxd5 Qxf2 27. Nc4 Qxh4 28. Nb6 Qg4 29. Nxc8 Qxd1 30. Nb6 Qd3 31. Qd6 Rc4 32. Nxc4 Qxc4 33. Qxd7 1-0


[Site "https://www.chess.com"]

[Event "Titled Tuesday Blitz July 18 Early 2023"]
[White "Krutko, Anatoly"]
[Black "Herzog2012"]
[WhiteFideId "4185862"]
[WhiteElo "2581"]
[BlackElo "2435"]
[Result "0-1"]
[Round "8"]
[TimeControl "180+2"]
[Date "2023.07.18"]
[WhiteClock "0:01:26"]
[BlackClock "0:02:03"]
[Board "93"]

1. Nf3 Nf6 2. g3 b5 3. a4 b4 4. Bg2 Bb7 5. O-O a5 6. d4 e6 7. c4 c5 8. dxc5 Na6 9. Nbd2 Nxc5 10. Nb3 Nxb3 11. Qxb3 Bc5 12. Be3 Qb6 13. Bxc5 Qxc5 14. Rac1 O-O 15. Rfd1 Rac8 16. e3 d5 17. Nd2 Ba6 18. cxd5 Qxc1 19. Rxc1 Rxc1+ 20. Bf1 Ne4 21. Nc4 Bxc4 0-1


[Site "https://www.chess.com"]

[Event "Titled Tuesday Blitz July 18 Early 2023"]
[White "Chitlange Sakshi"]
[Black "Vovk, Orest"]
[WhiteFideId "35002899"]
[BlackFideId "14113490"]
[WhiteElo "2456"]
[BlackElo "2576"]
[Result "0-1"]
[Round "8"]
[TimeControl "180+2"]
[Date "2023.07.18"]
[WhiteClock "0:00:05"]
[BlackClock "0:00:05"]
[Board "94"]

1. Nf3 h6 2. b3 g5 3. Bb2 Nf6 4. e3 Bg7 5. c4 d6 6. Be2 b6 7. d4 c5 8. d5 Bf5 9. Nc3 Ne4 10. Qc1 Nxc3 11. Bxc3 O-O 12. Bxg7 Kxg7 13. Qc3+ f6 14. g4 Be4 15. h4 Bxf3 16. Bxf3 Nd7 17. Be2 Ne5 18. O-O-O b5 19. f4 b4 20. Qb2 Nf7 21. Rh3 Qd7 22. Rdh1 Rh8 23. Qc2 gxf4 24. exf4 a5 25. R3h2 a4 26. g5 axb3 27. gxh6+ Rxh6 28. axb3 Ra1+ 29. Kd2 Rxh1 30. Rxh1 e5 31. dxe6 Qxe6 32. Qd3 f5 33. Bf3 Qf6 34. h5 Qb2+ 35. Qc2 Qd4+ 36. Qd3 Qxf4+ 37. Kc2 Ne5 38. Rg1+ Kf8 39. Qd5 Qxf3 40. Qg8+ Ke7 41. Rg7+ Kf6 42. Qf8+ Nf7 43. Rxf7+ Kg5 44. Rg7+ Kf4 45. Qe7 Qe4+ 46. Qxe4+ fxe4 47. Rg6 Rxh5 48. Rxd6 Rh2+ 49. Kb1 e3 50. Rd5 e2 0-1


[Site "https://www.chess.com"]

[Event "Titled Tuesday Blitz July 18 Early 2023"]
[White "Gontcharov, Vladislav"]
[Black "Uzcategui Rodriguez, Alejandro"]
[WhiteFideId "4123492"]
[BlackFideId "3903400"]
[WhiteElo "2568"]
[BlackElo "2435"]
[Result "1-0"]
[Round "8"]
[TimeControl "180+2"]
[Date "2023.07.18"]
[WhiteClock "0:00:37"]
[BlackClock "0:00:07"]
[Board "95"]

1. d4 Nf6 2. c4 d6 3. Nc3 Nbd7 4. Nf3 e5 5. e4 Be7 6. Be2 O-O 7. O-O c6 8. h3 a6 9. a4 a5 10. Be3 Re8 11. d5 Bf8 12. Rb1 g6 13. b4 axb4 14. Rxb4 Nc5 15. Nd2 Qa5 16. Qb1 cxd5 17. cxd5 Bd7 18. Nc4 Qc7 19. Nb6 Ra5 20. Rc1 Qd8 21. Nxd7 Nfxd7 22. Bb5 Bg7 23. Nd1 Rf8 24. Nb2 f5 25. Nc4 f4 26. Bxc5 Nxc5 27. Nxa5 Qxa5 28. Rbc4 f3 29. g3 Qd2 30. R1c2 Qh6 31. Kh2 Nd3 32. Rc8 Nf4 33. Rxf8+ Bxf8 34. Bd7 Ne2 35. Qxb7 Nd4 36. Be6+ Kh8 37. Qf7 Nxe6 38. dxe6 1-0


[Site "https://www.chess.com"]

[Event "Titled Tuesday Blitz July 18 Early 2023"]
[White "favesaul"]
[Black "Becerra, Juan David"]
[BlackFideId "4404998"]
[WhiteElo "2433"]
[BlackElo "2562"]
[Result "1-0"]
[Round "8"]
[TimeControl "180+2"]
[Date "2023.07.18"]
[WhiteClock "0:00:07"]
[BlackClock "0:00:00"]
[Board "96"]

1. e4 e5 2. Nf3 Nc6 3. Bb5 f5 4. d3 fxe4 5. dxe4 Nf6 6. Nc3 d6 7. h3 Be7 8. Be3 O-O 9. Qd3 Kh8 10. O-O-O a6 11. Bxc6 bxc6 12. Qc4 Qe8 13. Ng5 Bd8 14. f3 Nh5 15. h4 Nf4 16. g3 Ne6 17. f4 exf4 18. gxf4 Nxf4 19. Rdf1 d5 20. Qa4 Ng6 21. Bc5 Bxg5+ 22. hxg5 Rxf1+ 23. Rxf1 Bh3 24. Re1 Bd7 25. Qa5 Qd8 26. exd5 cxd5 27. Kb1 c6 28. Qb4 Qxg5 29. Qb7 Qd8 30. Bd4 Qc8 31. Qb4 c5 32. Bxc5 Rb8 33. Qd4 Bf5 34. Nxd5 h6 35. Ne3 Qe6 36. b3 Kh7 37. Bb4 Rc8 38. Bc3 Rc7 39. Nd5 Rd7 40. Rxe6 1-0


[Site "https://www.chess.com"]

[Event "Titled Tuesday Blitz July 18 Early 2023"]
[White "Buchenau, Frank"]
[Black "Zhang, Eric"]
[WhiteFideId "4604350"]
[BlackFideId "30907667"]
[WhiteElo "2429"]
[BlackElo "2555"]
[Result "1-0"]
[Round "8"]
[TimeControl "180+2"]
[Date "2023.07.18"]
[WhiteClock "0:00:34"]
[BlackClock "0:00:10"]
[Board "97"]

1. e4 c5 2. Nf3 d6 3. Bb5+ Nd7 4. O-O g6 5. Re1 Bg7 6. c3 a6 7. Bf1 Ngf6 8. d4 cxd4 9. cxd4 O-O 10. Nc3 b5 11. e5 Ne8 12. Bf4 Nb6 13. h3 Bb7 14. a4 b4 15. Ne4 Rc8 16. a5 Nd5 17. Bg3 Qd7 18. Qb3 f5 19. exf6 Nxf6 20. Neg5 h6 21. Ne6 Rfe8 22. Bd3 Kf7 23. Nh4 g5 24. Bg6+ Kg8 25. Nf5 Red8 26. Nfxg7 1-0


[Site "https://www.chess.com"]

[Event "Titled Tuesday Blitz July 18 Early 2023"]
[White "Rom, Jasper"]
[Black "Lana Rodriguez, David"]
[WhiteFideId "2023733"]
[BlackFideId "2270803"]
[WhiteElo "2418"]
[BlackElo "2554"]
[Result "0-1"]
[Round "8"]
[TimeControl "180+2"]
[Date "2023.07.18"]
[WhiteClock "0:00:00"]
[BlackClock "0:00:19"]
[Board "98"]

1. e4 d5 2. exd5 Qxd5 3. Nc3 Qa5 4. d4 Nf6 5. Nf3 Nc6 6. d5 Nb4 7. Bb5+ c6 8. dxc6 bxc6 9. Ba4 Bd7 10. a3 Nbd5 11. Bb3 Nxc3 12. bxc3 Bg4 13. Bd2 e6 14. h3 Bh5 15. g4 Bg6 16. Nd4 Rc8 17. Qe2 Be7 18. h4 h5 19. f3 O-O 20. g5 Nd5 21. c4 Qb6 22. Nxe6 fxe6 23. cxd5 exd5 24. Kd1 Bc5 25. f4 Rce8 26. Qh2 Be3 27. Rf1 Qd4 28. Rb1 Bf5 29. Kc1 Bh3 30. Rf3 Bg4 31. Bxe3 Rxe3 32. Rxe3 Qxe3+ 33. Kb2 Qd4+ 34. Ka2 Rxf4 35. Re1 Re4 36. Rf1 Qe5 37. Qf2 Kh7 38. Qf7 Qe6 39. Qf8 Qe7 0-1


[Site "https://www.chess.com"]

[Event "Titled Tuesday Blitz July 18 Early 2023"]
[White "Arencibia Monduy, Antonio"]
[Black "Bazilius, Augustinas"]
[WhiteFideId "3507939"]
[BlackFideId "12832251"]
[WhiteElo "2550"]
[BlackElo "2415"]
[Result "0-1"]
[Round "8"]
[TimeControl "180+2"]
[Date "2023.07.18"]
[WhiteClock "0:00:00"]
[BlackClock "0:00:05"]
[Board "99"]

1. e4 c5 2. Nf3 a6 3. c3 d5 4. exd5 Qxd5 5. d4 Nf6 6. Be2 cxd4 7. cxd4 e6 8. Nc3 Qd8 9. O-O Nc6 10. h3 Bd6 11. Bg5 O-O 12. d5 exd5 13. Nxd5 Bh2+ 14. Kxh2 Qxd5 15. Qxd5 Nxd5 16. Rfd1 Be6 17. Bc4 Nc3 18. bxc3 Bxc4 19. Rd7 b5 20. a4 f6 21. Bf4 bxa4 22. Rxa4 Bb5 23. Ra1 Ne5 24. Rc7 Nxf3+ 25. gxf3 Rac8 26. Re1 Rxc7 27. Bxc7 Rc8 28. Re7 Re8 29. Bd6 Rxe7 30. Bxe7 a5 31. Kg3 Kf7 32. Ba3 Ke6 33. Bf8 Kf7 34. Ba3 Ke6 35. Bf8 a4 36. Kf4 g5+ 37. Ke3 Kf5 38. Kd4 Kf4 39. Be7 Bd7 40. Bxf6 a3 41. c4 a2 42. Kd5 Bxh3 43. c5 h5 44. c6 Bc8 45. Kd6 Kf5 46. Bb2 h4 47. Kc7 Be6 48. Kd6 h3 49. Be5 h2 50. Bxh2 a1=Q 51. Ke7 Qg7+ 52. Kd8 Qf8+ 53. Kc7 Qc8+ 54. Kb6 Bd5 55. c7 Qb7+ 56. Kc5 Qc6+ 57. Kd4 Bxf3 58. Ke3 Qe4+ 59. Kd2 Qd4+ 60. Kc2 Qxf2+ 61. Kb3 Bd5+ 62. Kb4 Qb6+ 63. Kc3 Qc5+ 64. Kb2 Bb7 65. Kb3 Bc8 66. Bg1 Qxg1 0-1


[Site "https://www.chess.com"]

[Event "Titled Tuesday Blitz July 18 Early 2023"]
[White "Bilan, Danila"]
[Black "Jiang, Andrew"]
[WhiteFideId "24161918"]
[BlackFideId "30953510"]
[WhiteElo "2529"]
[BlackElo "2389"]
[Result "0-1"]
[Round "8"]
[TimeControl "180+2"]
[Date "2023.07.18"]
[WhiteClock "0:00:02"]
[BlackClock "0:00:07"]
[Board "100"]

1. d4 d5 2. Nf3 Nf6 3. c4 c6 4. Nc3 Bf5 5. Qb3 Qb6 6. c5 Qxb3 7. axb3 Na6 8. Ra4 Bc2 9. Nd2 e5 10. e3 exd4 11. exd4 Nc7 12. b4 Bxa4 13. Nxa4 O-O-O 14. Bd3 Re8+ 15. Kd1 g6 16. Nf3 Bg7 17. Nc3 Ne6 18. h3 Ne4 19. Be3 f5 20. g3 Re7 21. Kc2 Rhe8 22. Ne2 Nc7 23. Nf4 Nxg3 24. Ra1 Kb8 25. Ng2 Ne4 26. Bf4 h6 27. h4 a6 28. Ne3 Kc8 29. Rg1 Re6 30. Ne5 Bxe5 31. Bxe5 Nxf2 32. Be2 Rxe5 33. dxe5 Rxe5 34. Kd2 Re6 35. Nc2 Ne4+ 36. Kd3 Nb5 37. Rg2 a5 38. bxa5 Nxc5+ 39. Kd2 Nb3+ 40. Kd1 Nxa5 41. Bxb5 cxb5 42. Nd4 Re4 43. Nxb5 Rxh4 44. Rxg6 Nc4 45. Rg7 Nxb2+ 46. Kc2 Na4 47. Nd6+ Kd8 48. Nxb7+ Ke8 49. Nd6+ Kf8 50. Ra7 Rh2+ 51. Kd3 Nc5+ 52. Kd4 Ne6+ 53. Ke5 Ng7 54. Kf6 Nh5+ 55. Kg6 Nf4+ 56. Kxf5 Rf2 57. Ke5 h5 58. Rf7+ Kg8 59. Re7 Ng6+ 60. Ke6 Nxe7 61. Kxe7 d4 62. Ne4 Re2 63. Kd6 Rxe4 0-1


[Site "https://www.chess.com"]

[Event "Titled Tuesday Blitz July 18 Early 2023"]
[White "Li, Hui"]
[Black "Rangel, Daniel"]
[WhiteFideId "15400310"]
[BlackFideId "2124475"]
[WhiteElo "2375"]
[BlackElo "2526"]
[Result "1-0"]
[Round "8"]
[TimeControl "180+2"]
[Date "2023.07.18"]
[WhiteClock "0:00:06"]
[BlackClock "0:00:00"]
[Board "101"]

1. e4 c5 2. Nf3 g6 3. d4 cxd4 4. Nxd4 Bg7 5. Nc3 Nc6 6. Be3 Nf6 7. Bc4 O-O 8. Bb3 Re8 9. h4 e6 10. Nxc6 bxc6 11. Qd6 Bf8 12. Qd2 d5 13. O-O-O Ng4 14. Bg5 f6 15. Bf4 e5 16. exd5 exf4 17. dxc6+ Kg7 18. Qxd8 Rxd8 19. Rxd8 Nxf2 20. Re1 Bc5 21. Ree8 Be3+ 22. Kb1 Bh3 23. Rxa8 Bxg2 24. Bd5 Bh3 25. c7 Kh6 26. Be6 f5 27. c8=Q Ne4 28. Nxe4 f3 29. Ng3 Bf4 30. Bxf5 1-0


[Site "https://www.chess.com"]

[Event "Titled Tuesday Blitz July 18 Early 2023"]
[White "Shapiro, Daniel"]
[Black "Estrada Nieto, Julian"]
[WhiteFideId "2001780"]
[BlackFideId "5101018"]
[WhiteElo "2341"]
[BlackElo "2520"]
[Result "1-0"]
[Round "8"]
[TimeControl "180+2"]
[Date "2023.07.18"]
[WhiteClock "0:00:19"]
[BlackClock "0:00:09"]
[Board "102"]

1. d4 d5 2. c4 dxc4 3. e4 e5 4. Nf3 exd4 5. Bxc4 Nc6 6. O-O Be6 7. Bxe6 fxe6 8. e5 Qd7 9. Nbd2 Bc5 10. Ne4 Bb6 11. Bg5 Nge7 12. Rc1 O-O 13. Re1 Ng6 14. Nc5 Qd5 15. Qb3 Qxb3 16. Nxb3 Rxf3 17. gxf3 Ngxe5 18. Kg2 Nd3 19. Rxe6 Nxc1 20. Bxc1 Kf7 21. Re4 Re8 22. Bf4 d3 23. Nd2 Nd4 24. Be3 Rxe4 25. fxe4 Ne6 26. Bxb6 axb6 27. Kf3 Kg6 28. Ke3 Kg5 29. Kxd3 Kg4 30. Ke2 Nd4+ 31. Ke3 c5 32. f4 Kh3 33. f5 Kxh2 34. Kf4 h5 35. e5 Kg2 36. f6 gxf6 37. exf6 h4 38. f7 Ne6+ 39. Kg4 h3 40. Nf3 h2 41. Nxh2 Kxh2 42. Kf5 Nf8 43. Ke5 Kg3 44. Kd6 Kf4 45. Kc7 b5 46. Kb6 c4 47. Kxb5 Ke4 48. Kxc4 Ke5 49. Kb5 Ke6 50. Kb6 Kxf7 51. Kxb7 Ke7 52. a4 Kd6 53. a5 Nd7 54. a6 Nc5+ 55. Kb6 Nxa6 56. Kxa6 Kc5 57. Ka5 Kc6 58. b4 Kb7 59. Kb5 Kc7 60. Ka6 Kb8 61. Kb6 Ka8 62. b5 Kb8 63. Ka6 Ka8 64. b6 Kb8 65. b7 Kc7 66. Ka7 Kc6 67. b8=Q 1-0


[Site "https://www.chess.com"]

[Event "Titled Tuesday Blitz July 18 Early 2023"]
[White "ElenGajger"]
[Black "La Villa Rivas, Marlon Javier"]
[BlackFideId "3519546"]
[WhiteElo "2510"]
[BlackElo "2267"]
[Result "1-0"]
[Round "8"]
[TimeControl "180+2"]
[Date "2023.07.18"]
[WhiteClock "0:00:34"]
[BlackClock "0:01:08"]
[Board "103"]

1. e4 c5 2. Nc3 Nc6 3. Bb5 Nd4 4. Bc4 e6 5. Nf3 Ne7 6. O-O Nec6 7. Nxd4 cxd4 8. Ne2 Be7 9. d3 O-O 10. c3 dxc3 11. Nxc3 a6 12. d4 b5 13. Bb3 Bb7 14. Be3 Rc8 15. Re1 b4 16. Na4 Na5 17. d5 Nxb3 18. Qxb3 exd5 19. exd5 Qa5 20. Rad1 Bf6 21. Nb6 Rcd8 22. Nc4 Qc7 23. Bb6 Qf4 24. Bxd8 Bxd8 25. Qxb4 Ba8 26. b3 Bc7 27. g3 Qf3 28. Qc5 Bd8 29. h4 f5 30. Ne5 Qh5 31. Nxd7 Re8 32. Rxe8+ Qxe8 33. Nb6 f4 34. Nxa8 fxg3 35. fxg3 Qe2 36. Rf1 Bf6 37. Qc8+ Kf7 38. Qe6+ Qxe6 39. dxe6+ Kxe6 40. Kg2 1-0


[Site "https://www.chess.com"]

[Event "Titled Tuesday Blitz July 18 Early 2023"]
[White "Novikov, Evgenij"]
[Black "Alex_Sahakyan2006"]
[WhiteFideId "4125380"]
[WhiteElo "2501"]
[BlackElo "2664"]
[Result "0-1"]
[Round "8"]
[TimeControl "180+2"]
[Date "2023.07.18"]
[WhiteClock "0:00:03"]
[BlackClock "0:00:13"]
[Board "104"]

1. e4 e5 2. Nf3 Nc6 3. Bb5 a6 4. Ba4 Nf6 5. O-O Nxe4 6. Re1 Nc5 7. Nxe5 Nxe5 8. Rxe5+ Be7 9. Bb3 Nxb3 10. axb3 O-O 11. d4 d5 12. Nc3 c6 13. Re2 Bd6 14. Qd3 Qh4 15. h3 Bg4 16. Re1 Rae8 17. Bd2 Re6 18. Re3 Rg6 19. Kf1 f5 20. Be1 f4 21. f3 Qg5 22. h4 Qh5 23. Re2 Bf5 24. Qd2 Bh3 25. Rf2 Rxg2 26. Rxg2 Qxf3+ 27. Kg1 Rf6 28. Rg5 Qf1+ 29. Kh2 h6 30. Re5 Bxe5 31. dxe5 Rg6 32. h5 Rg2+ 33. Kxh3 Qh1# 0-1


[Site "https://www.chess.com"]

[Event "Titled Tuesday Blitz July 18 Early 2023"]
[White "UgarteCesar"]
[Black "Galiot, Goran"]
[BlackFideId "931560"]
[WhiteElo "2209"]
[BlackElo "2629"]
[Result "0-1"]
[Round "8"]
[TimeControl "180+2"]
[Date "2023.07.18"]
[WhiteClock "0:00:02"]
[BlackClock "0:00:35"]
[Board "105"]

1. d4 Nf6 2. Bg5 Ne4 3. Bf4 d5 4. Nd2 Bf5 5. e3 e6 6. f3 Nd6 7. Bd3 Bg6 8. Ne2 Nd7 9. O-O c6 10. e4 Be7 11. Bxd6 Bxd6 12. e5 Be7 13. f4 Qb6 14. Kh1 c5 15. Bxg6 hxg6 16. c3 cxd4 17. Nxd4 Nc5 18. Qe2 a6 19. b3 O-O-O 20. a4 Kb8 21. a5 Qc7 22. b4 Ne4 23. Nxe4 dxe4 24. Rfc1 g5 25. b5 axb5 26. Nxb5 Qc6 27. Nd4 Qd5 28. a6 b6 29. a7+ Ka8 30. Re1 gxf4 31. Qxe4 Qxe4 32. Rxe4 g5 33. h3 Rc8 34. Nb5 Rc5 35. c4 Rhc8 36. Ra4 Rd8 37. h4 Rd1+ 38. Kh2 Rd2 39. Kh3 Rd3+ 40. Kh2 f3 41. gxf3 Rxf3 42. hxg5 Bxg5 43. Rg4 Bd8 44. Rg8 Rd3 45. Nc7+ Rxc7 46. Ra3 Rxa3 47. Rxd8+ Kxa7 0-1


[Site "https://www.chess.com"]

[Event "Titled Tuesday Blitz July 18 Early 2023"]
[White "Vivas Zamora, Fabian Ernesto"]
[Black "NicolaiMaxime"]
[WhiteFideId "3902480"]
[WhiteElo "2417"]
[BlackElo "2585"]
[Result "1-0"]
[Round "8"]
[TimeControl "180+2"]
[Date "2023.07.18"]
[WhiteClock "0:00:11"]
[BlackClock "0:00:13"]
[Board "106"]

1. e4 c5 2. Nc3 Nc6 3. Bb5 g6 4. Bxc6 dxc6 5. d3 Bg7 6. f4 h5 7. Be3 Bg4 8. Qd2 h4 9. h3 Bd7 10. Bxc5 Nf6 11. Nf3 Nh5 12. Bf2 Qa5 13. Bxh4 Bxc3 14. bxc3 O-O-O 15. Bf2 f6 16. c4 Qxd2+ 17. Kxd2 Nxf4 18. Rag1 e5 19. Bxa7 Kc7 20. Be3 Ne6 21. Rb1 Ra8 22. Bb6+ Kc8 23. c5 Rxa2 24. Ra1 Ra6 25. h4 Nf4 26. g3 Nh5 27. Rxa6 bxa6 28. Rg1 Be6 29. Ke3 Kd7 30. Nd2 Ra8 31. Nb3 f5 32. Na5 f4+ 33. gxf4 Nxf4 34. c3 Rh8 35. d4 Rxh4 36. dxe5 Bh3 37. Rd1+ Ke7 38. Nxc6+ Kf7 39. Nd8+ Ke8 40. c6 Ng2+ 41. Kf3 Bg4+ 42. Kg3 Bxd1 43. c7 Rg4+ 44. Kh3 Nf4+ 45. Kh2 Rg2+ 46. Kh1 Kd7 47. e6+ Kc8 48. Nc6 Bf3 49. Ne7+ Kb7 50. c8=Q+ Kxb6 51. Qb8+ Ka5 52. Qxf4 Rf2+ 53. Kg1 Rg2+ 54. Kf1 Rc2 55. Qxf3 Ka4 56. Qd3 Kb3 57. Qxc2+ Kxc2 58. Nc6 a5 59. e7 a4 60. e8=Q a3 61. Nb4+ Kb3 62. Qa4+ Kxa4 63. e5 Kb3 64. e6 Kxc3 65. Na2+ Kb2 66. e7 Kxa2 67. e8=Q Ka1 68. Qe5+ Ka2 69. Qd5+ Kb2 70. Qd4+ Ka2 71. Qb4 g5 72. Ke2 g4 73. Kd2 g3 74. Kc2 g2 75. Qb1# 1-0


[Site "https://www.chess.com"]

[Event "Titled Tuesday Blitz July 18 Early 2023"]
[White "Altman, Joshua"]
[Black "Rosh Jain"]
[WhiteFideId "426210"]
[BlackFideId "25789465"]
[WhiteElo "2580"]
[BlackElo "2416"]
[Result "0-1"]
[Round "8"]
[TimeControl "180+2"]
[Date "2023.07.18"]
[WhiteClock "0:01:32"]
[BlackClock "0:02:08"]
[Board "107"]

1. e4 c5 2. Nf3 d6 3. b3 Nf6 4. Nc3 Nc6 5. Bb2 g6 6. d4 cxd4 7. Nxd4 Bg7 8. Bb5 Bd7 9. O-O O-O 10. Re1 Nxd4 11. Qxd4 Bxb5 12. Nxb5 Nh5 13. e5 Bxe5 14. Rxe5 dxe5 15. Qxe5 Nf6 16. g4 Qd5 17. g5 Qxe5 18. Bxe5 Nd7 19. Bd4 a6 20. Nc7 Rac8 21. Nd5 Rfe8 22. Re1 e6 23. Nc3 e5 24. Nd5 exd4 25. Ne7+ Kf8 26. Nxc8 Rxe1+ 0-1


[Site "https://www.chess.com"]

[Event "Titled Tuesday Blitz July 18 Early 2023"]
[White "Mazurkiewicz, Michal"]
[Black "Vlassov, Nikolai"]
[WhiteFideId "1124943"]
[BlackFideId "4103360"]
[WhiteElo "2416"]
[BlackElo "2570"]
[Result "0-1"]
[Round "8"]
[TimeControl "180+2"]
[Date "2023.07.18"]
[WhiteClock "0:02:16"]
[BlackClock "0:01:59"]
[Board "108"]

1. e4 Nc6 2. Nf3 d5 3. exd5 Qxd5 4. Nc3 Qa5 5. g3 Nh6 6. Bg2 Nf5 7. O-O Nfd4 8. Nxd4 Nxd4 9. d3 h5 10. Bd2 Bg4 11. Nd5 Qxd5 12. Bxd5 Bxd1 13. Rc1 Bf3 0-1


[Site "https://www.chess.com"]

[Event "Titled Tuesday Blitz July 18 Early 2023"]
[White "Chor, Kevin"]
[Black "Chernyavsky, Alexander"]
[WhiteFideId "2090740"]
[BlackFideId "24131156"]
[WhiteElo "2548"]
[BlackElo "2407"]
[Result "0-1"]
[Round "8"]
[TimeControl "180+2"]
[Date "2023.07.18"]
[WhiteClock "0:00:00"]
[BlackClock "0:00:16"]
[Board "110"]

1. e4 e6 2. d4 d5 3. Nd2 Nf6 4. e5 Nfd7 5. Bd3 c5 6. c3 Nc6 7. Ne2 cxd4 8. cxd4 f6 9. exf6 Nxf6 10. Nf3 Bd6 11. O-O Qc7 12. Bg5 O-O 13. Bh4 Nh5 14. Bg3 Nxg3 15. Nxg3 h6 16. Rc1 g5 17. Bb1 Qg7 18. Qd3 Bd7 19. Nh5 Qf7 20. Nf6+ Kh8 21. Nxd7 Qxd7 22. Qg6 Qg7 23. Qxe6 Rad8 24. Rce1 Rxf3 25. gxf3 Nxd4 26. Qh3 Rf8 27. Re3 Rxf3 28. Rxf3 g4 29. Rf7 gxh3+ 30. Rxg7 Kxg7 31. f3 Ne2+ 32. Kf2 Nf4 33. Rd1 Kf6 34. a3 a5 35. a4 h5 36. Bd3 h4 37. Bf1 Bc5+ 38. Ke1 d4 39. Kd2 Bb4+ 40. Kc2 Ke5 41. Kb3 Ng2 42. Rc1 Kf4 43. Kc4 Ke3 44. Bd3 Nf4 45. Be4 d3 46. Rd1 d2 47. Kb3 Ke2 48. Kc2 Ng2 49. Bd3+ Ke3 50. Rf1 Ne1+ 51. Kd1 Nxd3 0-1


[Site "https://www.chess.com"]

[Event "Titled Tuesday Blitz July 18 Early 2023"]
[White "Melikhov, Evgeny V."]
[Black "Ganiev, Roman"]
[WhiteFideId "4122046"]
[BlackFideId "4131452"]
[WhiteElo "2411"]
[BlackElo "2546"]
[Result "0-1"]
[Round "8"]
[TimeControl "180+2"]
[Date "2023.07.18"]
[WhiteClock "0:00:02"]
[BlackClock "0:00:15"]
[Board "111"]

1. d4 Nf6 2. c4 e6 3. Nc3 Bb4 4. Qc2 O-O 5. e4 d5 6. e5 Ne4 7. Bd3 c5 8. Nf3 cxd4 9. Nxd4 Nd7 10. Bf4 Qh4 11. g3 Qh5 12. O-O g5 13. cxd5 gxf4 14. Nxe4 exd5 15. Nf6+ Nxf6 16. exf6 Bh3 17. Bf5 Bxf1 18. Rxf1 Qh6 19. Qe2 Qxf6 20. Qh5 h6 21. Nf3 Kh8 22. gxf4 Bd6 23. Kh1 Bxf4 24. Rg1 Rg8 25. Bd3 Rxg1+ 26. Kxg1 Rg8+ 27. Kf1 Qxb2 28. Qf5 Qc1+ 29. Ne1 Rg7 30. Ke2 Qb2+ 31. Nc2 Qe5+ 32. Qxe5 Bxe5 33. Kf3 Bxh2 34. Bf5 Be5 35. Ne3 d4 36. Nd5 f6 37. Ke4 Rg2 38. f4 Bd6 39. Kxd4 Rd2+ 40. Ke4 Rxa2 41. Be6 Ra4+ 42. Kf5 Kg7 43. Nxf6 Rxf4# 0-1


[Site "https://www.chess.com"]

[Event "Titled Tuesday Blitz July 18 Early 2023"]
[White "Girya, Olga"]
[Black "KorolDimitriy75"]
[WhiteFideId "4195752"]
[WhiteElo "2518"]
[BlackElo "2407"]
[Result "0-1"]
[Round "8"]
[TimeControl "180+2"]
[Date "2023.07.18"]
[WhiteClock "0:00:00"]
[BlackClock "0:00:15"]
[Board "112"]

1. d4 Nf6 2. Nf3 g6 3. Bg5 Bg7 4. Nbd2 c5 5. Bxf6 Bxf6 6. Ne4 Bxd4 7. Nxd4 cxd4 8. Qxd4 O-O 9. O-O-O Nc6 10. Qd2 Qa5 11. Qxa5 Nxa5 12. h4 h5 13. e3 d6 14. Be2 Kg7 15. Nc3 Be6 16. Nd5 Nc6 17. Nf4 Bd7 18. Bf3 Rfc8 19. c3 Rab8 20. a3 Ne5 21. Be2 b5 22. Nd5 e6 23. Nf4 d5 24. f3 a5 25. Kb1 b4 26. axb4 axb4 27. cxb4 Rxb4 28. Nd3 Nxd3 29. Bxd3 Rcb8 30. Rd2 e5 31. g3 Be6 32. Rc1 R8b7 33. Rc5 Kf8 34. Be2 Ke7 35. f4 Kd6 36. Rc3 Ra7 37. e4 Rxe4 38. fxe5+ Kxe5 39. Bf3 Rb4 40. Re2+ Kd6 41. Kc2 Bf5+ 42. Kd2 Rxb2+ 43. Ke3 Rxe2+ 44. Bxe2 Re7+ 45. Kf2 d4 46. Ra3 Ke5 47. Ra5+ Kf6 48. Ra6+ Re6 49. Ra5 Re7 50. Bf3 Re3 51. Ra6+ Kg7 52. Ra7 Be6 53. Ra6 Rb3 54. Rd6 Rb2+ 55. Kg1 Rb4 56. Kf2 Kf6 57. Bg2 Ke5 58. Rd8 Rb2+ 59. Kg1 Bf5 60. Bf3 d3 61. Re8+ Kd4 62. Rd8+ Ke3 63. Bg2 d2 64. Re8+ Kd4 65. Bf3 Bg4 66. Bxg4 hxg4 67. Rd8+ Ke3 68. Re8+ Kf3 69. Rd8 Rb1+ 70. Kh2 d1=Q 71. Rxd1 Rxd1 0-1


[Site "https://www.chess.com"]

[Event "Titled Tuesday Blitz July 18 Early 2023"]
[White "Turzo, Attila"]
[Black "Omariev, Maksim"]
[WhiteFideId "704954"]
[BlackFideId "4193423"]
[WhiteElo "2514"]
[BlackElo "2376"]
[Result "1-0"]
[Round "8"]
[TimeControl "180+2"]
[Date "2023.07.18"]
[WhiteClock "0:00:03"]
[BlackClock "0:00:03"]
[Board "113"]

1. d4 h5 2. h4 a5 3. c4 a4 4. Nc3 d6 5. e4 e5 6. d5 Be7 7. Nxa4 Bxh4 8. Nc3 g6 9. Nf3 Bf6 10. Be2 Na6 11. Be3 Bd7 12. a3 Nc5 13. b4 Na4 14. Qd2 Nxc3 15. Qxc3 Nh6 16. Nd2 Ng4 17. Bxg4 Bxg4 18. a4 O-O 19. a5 Bg7 20. f3 Bd7 21. b5 f5 22. a6 bxa6 23. bxa6 c5 24. a7 Qb6 25. Qa5 Qb7 26. O-O f4 27. Bf2 g5 28. Rfb1 Qc8 29. Qa6 g4 30. Qxc8 Rfxc8 31. Ra6 Be8 32. Rba1 g3 33. Be1 h4 34. Rxd6 h3 35. gxh3 Bh5 36. Kg2 Rc7 37. Rda6 Kf7 38. Nb3 Bf8 39. Ba5 Rb7 40. Bb6 Be7 41. Nxc5 Bxc5 42. Bxc5 Ke8 43. R1a2 Kd7 44. Rd6+ Kc7 45. Rh6 Be8 46. Rh7+ Bd7 47. Rg7 Rb3 48. d6+ Kc6 49. Bg1 Rc3 50. h4 Rxc4 51. h5 Kxd6 52. Rd2+ Rd4 53. Bxd4 Ke6 54. Bc3 Bb5 55. Rg6+ Kf7 56. Rh6 Bc4 57. Rh7+ Ke6 58. Rc7 Bb5 59. Bb4 Bc4 60. Rd6# 1-0


[Site "https://www.chess.com"]

[Event "Titled Tuesday Blitz July 18 Early 2023"]
[White "Horak, Martin"]
[Black "Mejia, Cherry Ann"]
[WhiteFideId "367095"]
[BlackFideId "5206880"]
[WhiteElo "2503"]
[BlackElo "2372"]
[Result "0-1"]
[Round "8"]
[TimeControl "180+2"]
[Date "2023.07.18"]
[WhiteClock "0:00:00"]
[BlackClock "0:00:13"]
[Board "114"]

1. e4 c5 2. Nf3 Nc6 3. d4 cxd4 4. Nxd4 Qb6 5. Nb3 Nf6 6. Nc3 e6 7. Bd3 a6 8. Qe2 d6 9. Be3 Qc7 10. O-O Be7 11. f4 O-O 12. Rae1 b5 13. Rf3 Re8 14. Rh3 e5 15. f5 Nb4 16. Bg5 Bb7 17. a3 Nxd3 18. cxd3 Rad8 19. Bxf6 Bxf6 20. Qh5 h6 21. Ree3 d5 22. Reg3 Kf8 23. Nd2 d4 24. Ne2 Qc2 25. Nf1 Bxe4 26. dxe4 d3 27. Nc3 d2 28. Ne3 Qxb2 29. Ned1 Qxa3 30. Nd5 Qc5+ 31. Kh1 Rd6 32. Nxf6 Rxf6 33. Qg4 Ke7 34. Qxg7 Qc1 35. Qg4 Rc8 36. Qe2 Qxd1+ 37. Qxd1 Rc1 0-1


[Site "https://www.chess.com"]